 Dungeon Crawl Stone Soup version 0.29-a0-284-gf9362112df (webtiles) character file.

Game seed: 5079365565844476501

3 ytrimaz the Insei (level 1, 0/19 HPs)
             Began as an Octopode Transmuter on Mar 20, 2022.
             Succumbed to a kobold's poison
             ... on level 1 of the Dungeon.
             The game lasted 00:00:20 (202 turns).

ytrimaz the Insei (Octopode Transmuter)              Turns: 202, Time: 00:00:21

Health: 0/19       AC: 20    Str:  9    XL:     1   Next: 50%
Magic:  2/3        EV:  2    Int: 15    God:
Gold:   39         SH:  0    Dex: 12    Spells: 3/4 levels left

rFire   . . .      SeeInvis .     - Unarmed
rCold   . . .      Faith    .   (no shield)
rNeg    . . .      Spirit   .   (helmet currently unavailable)
rPois   +          Reflect  .   (no amulet)
rElec   .          Harm     .   (no ring)
rCorr   .          Rampage  .   (no ring)
Will    .....      NoTele   +   (no ring)
Stlth   +.........              (no ring)
HPRegen 0.06/turn               (no ring)
MPRegen 0.08/turn               (no ring)
                                (no ring)
                                (no ring)

@: lethally poisoned (0 -> -11), tree-form
A: stationary, stasis, torment immunity, boosted hp, almost no armour,
(amphibious), 8 rings, (camouflage 1), (gelatinous body 1), (nimble swimmer 1),
(tentacles)
a: no special abilities


You were on level 1 of the Dungeon.
You were a tree.
You visited 1 branch of the dungeon, and saw 1 of its levels.

You collected 39 gold pieces.

Inventory:

Scrolls
 b - a scroll of enchant weapon {unknown}
Potions
 a - a potion of lignification


   Skills:
 - Level 1.0 Fighting
 * Level 2.0 Dodging
 + Level 3.0 Unarmed Combat
 * Level 2.0 Spellcasting
 * Level 2.0 Transmutations


You had 3 spell levels left.
You knew the following spells:

 Your Spells              Type           Power      Damage    Failure   Level
a - Beastly Appendage     Tmut           14%        N/A       10%         1

Your spell library contained the following spells:

 Spells                   Type           Power      Damage    Failure   Level
 Wereblood                Tmut           7%         N/A       14%         2
 Spider Form              Tmut/Pois      4%         N/A       41%         3
 Ice Form                 Ice/Tmut       4%         N/A       82%         4


Dungeon Overview and Level Annotations

Branches:
Dungeon (1/15)

Altars:


Innate Abilities, Weirdness & Mutations

You are a tree.
Your roots penetrate the ground, keeping you stationary.
You cannot be teleported.
You are immune to unholy pain and torment.
Your maximum health is greatly increased.
You cannot wear most types of armour.
((You are amphibious.))
You can wear up to eight rings at the same time.
((Your skin changes colour to match your surroundings (Stealth+).))
((Your rubbery body absorbs attacks. (AC +1, EV +1)))
((You are camouflaged when in or above water. (Stealth+)))
((You have tentacles for arms and can constrict up to eight enemies at once.))


Message History

The ball python hisses angrily.
You tentacle-slap the ball python. You grab the ball python.
You pierce the ball python.
You kill the ball python!
Your transformation is almost over.
You see here a ball python corpse.
Your tentacle spike disappears.
Found a stone staircase leading down.
b - a scroll labelled BUBAPSEURGH You now have 39 gold pieces (gained 8).
A kobold comes into view. It is wielding a +2 dagger of venom.
The kobold shouts!
You hear a bark!
A frilled lizard comes into view.
There are monsters nearby!
There are monsters nearby!
A jackal comes into view.
The jackal barks!
The frilled lizard hisses angrily.
One of your tentacles grows a vicious spike.
A jackal comes into view. x2
Your transformation is almost over.
The frilled lizard bites you.
You closely miss the frilled lizard.
The jackal barks!
You grab the frilled lizard.
You pierce the frilled lizard, but do no damage.
You constrict the frilled lizard. The frilled lizard bites you.
You release your grip on the frilled lizard.
The frilled lizard attacks as you move away!
The frilled lizard closely misses you. The kobold attacks as you move away!
The kobold hits you with a +2 dagger of venom.
You are lethally poisoned!
* * * LOW HITPOINT WARNING * * *
You feel very sick.
Press: ? - help, v - describe, . - travel The floor.
Really quaff the potion of lignification?
Your tentacle spike disappears.
You turn into a tree.
Your roots penetrate the ground.
You die...

#......<......#.#
.....
#.............#.#
....
#.............#.#
...
###############.#
..# ####....##......
.. #.......##.##.##
#. #.......##.##.#
#.##.......##.##.#
#.♣#.......##.##.#
##l#........#.##.#
#Kh..........##.#
#..........####.#
......h............
#.#
.....h...........#.
.................#.#
........#....##### #
........#......


You could see 2 jackals, a kobold and a frilled lizard.

Vanquished Creatures
  An endoplasm (D:1)
  A giant cockroach (D:1)
  A ball python (D:1)
3 creatures vanquished.

Notes
Turn   | Place    | Note
-------+----------+-------------------------------------------
     0 | D:1      | ytrimaz the Octopode Transmuter began the quest for the
                  | Orb.
     0 | D:1      | Reached XP level 1. HP: 13/13 MP: 3/3
   202 | D:1      | Succumbed to a kobold's poison

Illustrated notes

Levels and vault maps discovered:
D:1:      lemuel_arrival_hallway, layout_basic

Action                   || total
-------------------------++-------
Melee: Unarmed           ||     5
       Kick              ||     4
       Constrict         ||     3
       Tentacles         ||     2
 Cast: Beastly Appendage ||     3
  Use: Potion            ||     1
 Stab: Sleeping          ||     1
Dodge: Dodged            ||     2

Table legend: (Time is in decaauts)
 A = Elapsed time spent in this place.
 B = Non-inter-level travel time spent in this place.
 C = Inter-level travel time spent in this place.
 D = Time resting spent in this place.
 E = Time spent auto-exploring this place.
 F = Levels seen in this place.
 G = Mean time per level.
                   A        B        C        D        E       F      G
               +--------+--------+--------+--------+--------+-----+--------+
         Total |    201 |    201 |      0 |      0 |    167 |   1 |  201.0 |
       Dungeon |    201 |    201 |      0 |      0 |    167 |   1 |  201.0 |
               +--------+--------+--------+--------+--------+-----+--------+

Top non-repeatable levels by time:
     D:1: 201 daAuts
